 Dungeon Crawl Stone Soup version 0.31.0-11-ge490571c62 (webtiles) character file.

Game seed: 16272177924658400145

67 Gadfly the Insei (level 4, -3/35 HPs)
             Began as a Demonspawn Monk on Feb 5, 2024.
             Slain by a gnoll
             ... wielding a +0 whip
              (10 damage)
             ... on level 2 of the Dungeon.
             The game lasted 00:01:16 (1130 turns).

Gadfly the Insei (Demonspawn Monk)                  Turns: 1130, Time: 00:01:16

Health: -3/35      AC:  2    Str: 13    XL:     4   Next: 0%
Magic:  4/4        EV: 13    Int: 10    God:
Gold:   67         SH:  0    Dex: 16    Spells: 3/3 levels left

rFire   . .          .
                       - Unarmed
rCold   . . .        (no shield)
rNeg    . . .        a - +0 robe
rPois   .            (no helmet)
rElec   .            (no cloak)
rCorr   .            (no gloves)
SInv    .            (no boots)
Will    .....        (no amulet)
Stlth   +            (no ring)
HPRegen 0.25/turn    (no ring)
MPRegen 0.09/turn

%: no passive effects
@: no status effects
A: spiny 1, demonic touch 2
a: no special abilities


You were on level 2 of the Dungeon.
You visited 1 branch of the dungeon, and saw 2 of its levels.

You collected 67 gold pieces.

Inventory:

Armour
 a - a +0 robe (worn)
 c - an orb of light
Potions
 b - a potion of ambrosia
 d - a potion of lignification {unknown}
 e - 2 potions of heal wounds {unknown}
 f - a potion of curing {unknown}


   Skills:
 - Level 3.0 Fighting
 + Level 3.0 Dodging
 * Level 3.2 Unarmed Combat
 * Level 1.6 Evocations
 * Level 1.4 Shapeshifting


You had 3 spell levels left.
You didn't know any spells.
Your spell library was empty.

Dungeon Overview and Level Annotations

Branches:
Dungeon (2/15)

Altars:


Innate Abilities, Weirdness & Mutations

You are partially covered in sharp spines.
Your touch may inflict irresistible damage on your foes.


Message History

The gnoll is heavily wounded.
The gnoll misses you.
You punch the gnoll!
You kill the gnoll!
No target in view!
No target in view!
No target in view!
No target in view!
Things that are here:
a +0 halberd; a gnoll corpse You start resting.
HP restored.
Things that are here:
a +0 halberd; a gnoll corpse
There is a stone staircase leading down here.
You climb downwards.
There is a stone staircase leading up here.
You closely miss the gnoll. Your touch misses the gnoll.
You closely miss the gnoll.
You touch the gnoll!
The gnoll is almost dead.
The gnoll hits you with a +0 whip.
You closely miss the gnoll.
The gnoll is almost dead.
The gnoll is struck by your spines.
You kill the gnoll!
The gnoll is struck by your spines. The gnoll hits you with a +0 whip!
You have reached level 4!
You feel agile.
Your demonic ancestry asserts itself...
Your hands glow brighter with unholy energy.
You hit the gnoll.
The gnoll is heavily wounded.
The gnoll hits you with a +0 whip!
A ribbon worm comes into view.
Found an emerald potion.
The gnoll hits you with a +0 whip.
* * * LOW HITPOINT WARNING * * *
The gnoll attacks as it pursues you! The gnoll hits you with a +0 whip.
* * * LOW HITPOINT WARNING * * *
The gnoll attacks as it pursues you! The gnoll is struck by your spines.
The gnoll hits you with a +0 whip!
You die...

#...........................
...###.#.....##.#####..###.
#.#.#...##.# ##..# #.
#.###...##.# #.#.# #. # #.#
#...##.####.#.# #.
#..###.###.........#.#.# #.
#..................#.#.# #.
#.####)###.............# #.
#.<##@....###.#.#.# #.
#..##g....# #.#.#.#
.####..##.....###g#.#.####
#......g.w.....+....(..g.g.
.....#..##.....###.#.#.####
.!...##........# ###.#.#
.... #.##.....# #.#.####
.... #.##.....# #.#..... ...
#.##.##### #.######


You could see a ribbon worm and a gnoll.

Vanquished Creatures
  2 gnolls
  2 adders (D:2)
  A dart slug (D:2)
  2 ball pythons (D:2)
  A bat (D:1)
  An endoplasm (D:1)
  4 goblins
  A hobgoblin (D:2)
  5 kobolds
  3 quokkas
  4 frilled lizards
  A rat (D:2)
27 creatures vanquished.

Notes
Turn   | Place    | Note
-------+----------+-------------------------------------------
     0 | D:1      | Gadfly the Demonspawn Monk began the quest for the Orb.
     0 | D:1      | Reached XP level 1. HP: 18/18 MP: 1/1
   218 | D:1      | Gained mutation: You are partially covered in sharp spines.
                  | [demonic ancestry]
   218 | D:1      | Reached XP level 2. HP: 24/24 MP: 2/2
   787 | D:2      | Reached skill level 1 in Evocations
   834 | D:2      | Reached skill level 1 in Shapeshifting
   834 | D:2      | Gained mutation: Your touch may inflict minor irresistible
                  | damage on your foes. [demonic ancestry]
   834 | D:2      | Reached XP level 3. HP: 29/29 MP: 3/3
  1123 | D:2      | Gained mutation: Your touch may inflict irresistible damage
                  | on your foes. [demonic ancestry]
  1123 | D:2      | Reached XP level 4. HP: 20/35 MP: 4/4
  1130 | D:2      | Slain by a gnoll

Illustrated notes

Levels and vault maps discovered:
D:1:      minmay_arrival_four_circles, layout_basic, serial_corexii_hall,
          chequers_hall_statues_y, corexii_hall_statues_u, st_stairs_2
D:2:      layout_basic

Skill      XL: |  1  2  3 |
---------------+----------+-----
Evocations     | 1 |  1.6
Unarmed Combat | 3 |  3.2
Shapeshifting  | 1 |  1.4
Dodging        | 3 |  3.0
Fighting       | |  3.0

Action                     |  1- 3 |  4- 6 || total
---------------------------+-------+-------++-------
  Melee: Unarmed           |    50 |     1 ||    51
         Touch             |     4 |       ||     4
   Stab: Sleeping          |     1 |       ||     1
 Armour: Robe              |    21 |     4 ||    25
  Dodge: Dodged            |    21 |       ||    21
